 Dungeon Crawl Stone Soup version 0.29.0-13-gc9e81de378 (webtiles) character file.

Game seed: 4741548423949468850

46 Sabo the Magician (level 3, -1/19 HPs)
             Began as a Deep Elf Air Elementalist on Sept 8, 2022.
             Slain by an adder (3 damage)
             ... on level 3 of the Dungeon.
             The game lasted 00:12:46 (2578 turns).

Sabo the Magician (Deep Elf Air Elementalist)       Turns: 2578, Time: 00:12:46

Health: -1/19      AC:  2    Str:  5    XL:     3   Next: 46%
Magic:  10/10      EV: 13    Int: 21    God:
Gold:   89         SH:  0    Dex: 15    Spells: 9/10 levels left

rFire   . . .      SeeInvis .   g - +0 hand axe
rCold   . . .      Faith    .   (no shield)
rNeg    . . .      Spirit   .   a - +0 robe
rPois   .          Reflect  .   (no helmet)
rElec   .          Harm     .   (no cloak)
rCorr   .          Rampage  .   (no gloves)
Will    .....                   (no boots)
Stlth   ++........              (no amulet)
HPRegen 0.06/turn               (no ring)
MPRegen 0.12/turn               (no ring)

@: lethally poisoned (-1 -> -3)
A: no striking features
a: no special abilities


You were on level 3 of the Dungeon.
You visited 1 branch of the dungeon, and saw 3 of its levels.

You collected 89 gold pieces.

Inventory:

Hand Weapons
 e - a +0 sling
 g - a +0 hand axe (weapon)
Armour
 a - a +0 robe (worn)
Scrolls
 d - a scroll of identify
 f - 3 scrolls of teleportation
 j - a scroll of butterflies
Potions
 b - a potion of magic
 c - a potion of brilliance
 h - a potion of degeneration {unknown}
 i - 2 potions of curing {unknown}


   Skills:
 + Level 2.8 Dodging
 + Level 2.8 Stealth
 + Level 4.0 Spellcasting
 + Level 1.2 Conjurations
 + Level 3.6 Air Magic


You had 9 spell levels left.
You knew the following spells:

 Your Spells              Type           Power      Damage    Failure   Level
a - Shock                 Conj/Air       56%        1d6       4%          1

Your spell library contained the following spells:

 Spells                   Type           Power      Damage    Failure   Level
 Static Discharge         Conj/Air       14%        3-5/arc   7%          2
 Swiftness                Air            19%        N/A       9%          3
 Airstrike                Air            9%         2d(2-18)  26%         4
 Conjure Ball Lightning   Conj/Air       7%         3x3d6     100%        6
 Discord                  Hex            2%         N/A       100%        8
 Disjunction              Tloc           2%         N/A       100%        8


Dungeon Overview and Level Annotations

Branches:
Dungeon (3/15)

Altars:


Message History

Casting: Shock (safe; 4% risk of failure)
Confirm with . or Enter, or press ? or * to list all spells.
Aiming: Shock (safe; 4% risk of failure)
Press: ? - help, Shift-Dir - straight line, f - adder
Aim: an adder (asleep, 100% to hit)
The zap hits the adder.
The adder is moderately wounded.
The adder hisses angrily.
You hit the adder.
The adder is severely wounded.
The adder bites you. The adder closely misses you.
You miss the adder.
The adder is severely wounded.
The adder barely misses you.
You hit the adder but do no damage.
The adder is severely wounded.
The adder bites you. The adder closely misses you.
You closely miss the adder. Your punch misses the adder.
The adder is severely wounded.
The adder closely misses you. x2
You barely miss the adder.
The adder is severely wounded.
The adder bites you.
You hit the adder but do no damage.
The adder is severely wounded.
The adder bites you. The adder misses you.
You miss the adder.
The adder is severely wounded.
The adder misses you. x2
You miss the adder.
The adder is severely wounded.
The adder bites you.
* * * LOW HITPOINT WARNING * * *
You are lethally poisoned!
The adder poisons you!
You hit the adder but do no damage.
The adder is severely wounded.
* * * LOW HITPOINT WARNING * * *
You feel sick. The adder misses you. The adder bites you.
You die...

. ####
..##...##
........##
.........#
.......S.#
.......@.#
.........#
..........#
........!.#
..........#
.....(....#
..........#
.........##


You could see an adder.

Vanquished Creatures
  A dart slug (D:2)
  6 endoplasms
  2 giant cockroaches
  3 goblins (D:1)
  5 hobgoblins
  6 jackals (D:1)
  3 quokkas (D:1)
  2 ball pythons
  5 bats
  A kobold (D:1)
  2 rats
36 creatures vanquished.

Notes
Turn   | Place    | Note
-------+----------+-------------------------------------------
     0 | D:1      | Sabo the Deep Elf Air Elementalist began the quest for the
                  | Orb.
     0 | D:1      | Reached XP level 1. HP: 10/10 MP: 6/6
   205 | D:1      | Reached XP level 2. HP: 13/15 MP: 6/8
  1238 | D:1      | Reached XP level 3. HP: 19/19 MP: 2/10
  2272 | D:2      | Reached skill level 4 in Spellcasting
  2578 | D:3      | Slain by an adder

Illustrated notes

Levels and vault maps discovered:
D:1:      erik_arrival_orb_chamber, layout_loops_ring, chequers_garden
D:2:      layout_basic
D:3:      layout_rooms, nicolae_overflow_hidden_temple, st_stairs_14,
          minmay_vboxes

Skill      XL: |  1  2  3 |
---------------+----------+-----
Spellcasting   | 4 |  4.0
Dodging        | |  2.8
Stealth        | |  2.8
Conjurations   | |  1.2
Air Magic      | |  3.6

Action                   || total
-------------------------++-------
Melee: Short sword       ||    22
       Hand axe          ||    12
 Cast: Shock             ||    63
  Use: Scroll            ||     3
Armor: Robe              ||     5
Dodge: Dodged            ||    36
